 Dungeon Crawl Stone Soup version 0.11.3 (webtiles) character file.

614 CodaKJazz the Chucker (level 7, 0/45 HPs)
             Began as a Sludge Elf Stalker on June 11, 2023.
             Slain by Lightli's ghost (8 damage)
             ... in an ossuary.
             The game lasted 00:19:42 (5120 turns).

CodaKJazz the Chucker (Sludge Elf Stalker)          Turns: 5120, Time: 00:19:42

HP   0/45        AC  4     Str 10      XL: 7   Next:  5%
MP  13/13        EV 13     Int 15      God:
Gold 155         SH  0     Dex 16      Spells:  3 memorised,  5 levels left

Res.Fire  : . . .   See Invis. : .   u - +1,+0 elf short sword
Res.Cold  : . . .   Warding    : .   J - +0 orc leather armour
Life Prot.: + . .   Conserve   : .   (no shield)
Res.Poison: .       Res.Corr.  : .   (no helmet)
Res.Elec. : .       Clarity    : .   c - +0 elf cloak
Sust.Abil.: . .     Spirit.Shd : .   (no gloves)
Res.Mut.  : .       Stasis     : .   (no boots)
Res.Rott. : .       Ctrl.Telep.: .   (no amulet)
Saprovore : . . .   Levitation : .   G - ring of levitation Ctrl.Flight: .
                                     g - ring of life protection

@: slightly resistant to hostile enchantments, stealthy
A: no striking features
a: Evoke Levitation


You were in an ossuary.
You were not hungry.

You visited 1 branch of the dungeon, and saw 5 of its levels.
You also visited: Ossuary.

You collected 135 gold pieces.

Inventory:

Hand weapons
 a - a +1,+0 dagger of venom
 b - a +0,+0 sling
 j - a +0,+0 dagger
 k - a +0,+0 short sword
 s - a +1,+0 elven dagger
 u - a +1,+0 elven short sword (weapon)
 w - a +2,+2 elven dagger {=f}
 x - a +2,+0 elven whip
 y - a +0,+0 dagger
 z - a +0,+2 mace of crushing
 V - a +0,+0 sling
Missiles
 h - 30 darts (quivered)
 o - 2 javelins
 r - 52 stones
 v - 3 exploding darts
 I - 13 sling bullets
 N - 24 arrows
 R - 6 poisoned needles
 S - 4 darts of dispersal
 T - 20 bolts
 U - 6 curare-tipped needles
Armour
 c - a +0 elven cloak (worn)
 J - a +0 orcish leather armour (worn)
Magical devices
 Q - a wand of heal wounds (1)
Comestibles
 f - 5 bread rations
 E - a meat ration
Scrolls
 l - a scroll of remove curse {remove curse}
 n - a scroll of blinking
 q - a scroll of curse jewellery
 F - a scroll of fear
 H - a scroll of amnesia
 O - a scroll of enchant weapon I
Jewellery
 g - a ring of life protection (left hand)
 G - a ring of levitation (right hand)
Potions
 e - 8 potions of confusion
 t - 8 potions of poison
 K - 3 potions of restore abilities
 P - 4 potions of water
Books
 d - a book of Stalking

   Spells                             Type                      Level
   *Fulsome Distillation              Transmutation/Necromancy     1
   *Evaporate                         Fire/Transmutation           2
   *Passwall                          Transmutation/Earth          3
   Petrify                            Transmutation/Earth          4
   Dig                                Transmutation/Earth          4


   Skills:
 - Level 4.0 Fighting
 * Level 0.8 Short Blades
 + Level 4.4 Throwing
 - Level 3.4 Dodging
 - Level 3.0 Stealth
 - Level 2.0 Stabbing
 * Level 2.7 Spellcasting
 + Level 4.1 Transmutations
 + Level 1.6 Fire Magic


You had 5 spell levels left.
You knew the following spells:

 Your Spells              Type           Power        Failure   Level  Hunger
a - Passwall              Trmt/Erth      ##........   34%         3    ###....
x - Evaporate             Fire/Trmt      ###....      12%         2    ##.....
z - Fulsome Distillation  Trmt/Necr      N/A          12%         1    #......


Dungeon Overview and Level Annotations

Branches:
Dungeon (5/27)             Temple (0/1) D:4

Altars:
Sif Muna

Annotations
D:3 exclusion: downstairs
D:4 exclusion: ogre Ossuary Lightli's ghost, average SEHe


Message History

You hit the scorpion zombie.
The scorpion zombie hits you but does no damage.
The scorpion zombie closely misses you.
There is a gate leading back out of here here.
You barely miss Lightli's ghost.
Lightli's ghost hits you but does no damage.
Read which item? (? for menu, Esc to quit)
Okay, then.
Drink which item? (? for menu, Esc to quit)
Magic courses through your body.
It was a potion of magic.
The scorpion zombie hits you. Lightli's ghost barely misses you.
Drink which item? (? for menu, Esc to quit)
It has a very clean taste.
It was a potion of cure mutation.
The scorpion zombie hits you. Lightli's ghost hits you!
* * * LOW HITPOINT WARNING * * *
Lightli's ghost closely misses you.
You hit Lightli's ghost.
Lightli's ghost is lightly damaged.
The scorpion zombie closely misses you. Lightli's ghost hits you!
You die...

#########
#.@p#...#...#
#.z.'...8...#
#...#.....((#
##'###8...8#
#...# ......
#.).# .8...
#...# z#p.
##### ##


You could see Lightli's ghost and a scorpion zombie.

Vanquished Creatures
  A water moccasin skeleton (D:5)
  3 orc wizards
  2 orc priests
  Ijyb (D:3)
  Jessica (D:3)
  3 gnolls (D:5)
  A scorpion zombie (Ossuary)
  10 adders
  A worm (D:3)
  2 giant geckos
  12 orcs
  A ball python (D:3)
  8 bats
  5 giant cockroaches
  10 goblins
  14 hobgoblins
  5 jackals
  15 kobolds
  An ooze (D:1)
  A quokka (D:2)
  7 giant newts
  A goblin skeleton (D:4)
  A hobgoblin skeleton (D:4)
  8 rats
  5 toadstools (D:3)
119 creatures vanquished.

Vanquished Creatures (others)
  An orc (D:3)
  A giant newt (D:2)
  4 toadstools (D:3)
6 creatures vanquished.

Grand Total: 125 creatures vanquished

Notes
Turn   | Place    | Note
--------------------------------------------------------------
     0 | D:1      | CodaKJazz, the Sludge Elf Stalker, began the quest for the Orb.
     0 | D:1      | Reached XP level 1. HP: 13/13 MP: 1/1
   189 | D:1      | Reached XP level 2. HP: 18/18 MP: 3/3
   276 | D:1      | Learned a level 2 spell: Evaporate
   519 | D:1      | Reached skill level 1 in Throwing
   967 | D:1      | Reached XP level 3. HP: 21/23 MP: 4/4
  1013 | D:1      | Reached skill level 3 in Stealth
  1496 | D:3      | Reached skill level 1 in Fire Magic
  1690 | D:3      | Found a deep blue altar of Sif Muna.
  1758 | D:3      | Reached XP level 4. HP: 29/29 MP: 6/6
  2149 | D:4      | Noticed an ogre
  2311 | D:3      | Noticed Jessica
  2314 | D:3      | Noticed Ijyb
  2316 | D:3      | Killed Jessica
  2325 | D:3      | Killed Ijyb
  2325 | D:3      | Reached XP level 5. HP: 34/34 MP: 3/9
  2941 | D:3      | Reached XP level 6. HP: 28/40 MP: 11/11
  4281 | D:4      | Reached skill level 4 in Throwing
  4342 | D:4      | Found a staircase to the Ecumenical Temple.
  4690 | D:5      | Entered Level 5 of the Dungeon
  4728 | D:5      | Learned a level 3 spell: Passwall
  4844 | D:5      | Reached XP level 7. HP: 15/45 MP: 11/13
  4909 | D:5      | Found a sand-covered staircase.
  4982 | Ossuary  | Entered an ossuary
  5049 | Ossuary  | Noticed a human zombie
  5104 | Ossuary  | Noticed Lightli's ghost (average SEHe)
  5120 | Ossuary  | Slain by Lightli's ghost
